 Dungeon Crawl Stone Soup version 0.23.2-33-g5129a83184 (webtiles) character file.

Game seed: 1195282458035331702

9279 Exodus22XD the Thaumaturge (level 11, -2/54 HPs)
             Began as a Deep Elf Wizard on June 29, 2019.
             Was a Priest of Vehumet.
             Slain by Urug
             ... wielding a +1 long sword of electrocution
              (11 damage)
             ... on level 2 of the Lair of Beasts.
             The game lasted 01:39:09 (11054 turns).

Exodus22XD the Thaumaturge (Deep Elf Wizard)       Turns: 11054, Time: 01:39:12

Health: -2/54      AC: 10    Str:  4    XL:     11   Next: 21%
Magic:  4/28       EV: 13    Int: 27    God:    Vehumet [***...]
Gold:   578        SH:  0    Dex: 13    Spells: 3/32 levels left

rFire    . . .     SeeInvis .   q - +4 dagger (speed)
rCold    . . .     Gourm    .   (no shield)
rNeg     + . .     Faith    .   C - +2 robe {rN+}
rPois    .         Spirit   .   b - +0 hat
rElec    .         Reflect  .   p - +1 cloak
rCorr    +         Harm     .   r - +2 pair of gloves
MR       ++...                  m - +0 pair of boots
Stlth    ++........             f - amulet of magic regeneration
HPRegen  0.18/turn              D - ring of resist corrosion
MPRegen  0.46/turn              J - ring of protection from magic

@: no status effects
A: antennae 1
a: Renounce Religion


You were on level 2 of the Lair of Beasts.
You worshipped Vehumet.
Vehumet was most pleased with you.
You were not hungry.

You visited 3 branches of the dungeon, and saw 12 of its levels.
You also visited: Ossuary.

You collected 833 gold pieces.
You spent 255 gold pieces at shops.

Inventory:

Hand Weapons
 i - a +0 club
 q - a +4 dagger of speed (weapon)
Armour
 b - a +0 hat (worn)
 g - a +2 leather armour of poison resistance
 m - a +0 pair of boots (worn)
 p - a +1 cloak (worn)
 r - a +2 pair of gloves (worn)
 C - a +2 robe of positive energy (worn)
Jewellery
 f - an amulet of magic regeneration (around neck)
 s - an uncursed amulet of regeneration
 D - a ring of resist corrosion (left hand)
 J - a ring of protection from magic (right hand)
Wands
 j - a wand of scattershot (6)
 F - a wand of disintegration (26)
Scrolls
 e - 5 scrolls of remove curse
 k - a scroll of amnesia
 t - a scroll of immolation
 u - 3 scrolls of teleportation
 y - a scroll of brand weapon
 A - a scroll of fear
 B - 3 scrolls of enchant weapon
 G - a scroll of fog
 I - a scroll of magic mapping {unknown}
 K - a scroll of random uselessness {unknown}
 L - a scroll of identify
Potions
 a - 2 potions of berserk rage
 c - 2 potions of ambrosia
 h - 3 potions of haste
 l - 4 potions of agility
 n - a potion of lignification {unknown}
 o - 3 potions of flight
 v - a potion of magic {unknown}
 w - 2 potions of might
 x - 2 potions of heal wounds
 z - 2 potions of resistance
 E - 3 potions of curing
 H - 2 potions of mutation
 M - a potion of brilliance {unknown}
Comestibles
 d - 17 rations


   Skills:
 - Level 2.4 Dodging
 - Level 2.4 Stealth
 - Level 11.3 Spellcasting
 + Level 8.8 Conjurations
 - Level 5.4 Summonings
 - Level 4.4 Translocations
 - Level 0.1 Transmutations
 - Level 8.0 Fire Magic
 - Level 7.0 Ice Magic
 - Level 6.1 Earth Magic
 - Level 3.1 Poison Magic


You had 3 spell levels left.
You knew the following spells:

 Your Spells              Type           Power        Failure   Level  Hunger
a - Magic Dart            Conj           ####         1%          1    None
b - Call Imp              Summ           #####...     1%          2    None
c - Blink                 Tloc           N/A          1%          2    None
d - Conjure Flame         Conj/Fire      ######..     1%          3    None
e - Mephitic Cloud        Conj/Pois/Air  #####...     1%          3    None
f - Throw Frost           Conj/Ice       ######       1%          2    None
g - Summon Ice Beast      Ice/Summ       #####...     3%          4    None
h - Throw Flame           Conj/Fire      ######       1%          2    None
i - Stone Arrow           Conj/Erth      ######       1%          3    None
j - Force Lance           Conj/Tloc      ######..     1%          4    None
k - Ignite Poison         Fire/Tmut/Pois #####...     1%          3    None

Your spell library contained the following spells:

 Spells                   Type           Power        Failure   Level  Hunger
 Freeze                   Ice            ####         1%          1    None
 Gell's Gravitas          Tloc           #####.....   1%          3    None
 Shroud of Golubria       Chrm/Tloc      ####......   2%          2    None
 Ozocubu's Armour         Chrm/Ice       ####....     2%          3    None
 Confusing Touch          Hex            ###...       3%          1    None
 Infusion                 Chrm           ###.         3%          1    None
 Portal Projectile        Hex/Tloc       ####..       4%          3    None
 Slow                     Hex            ###.....     6%          2    None
 Song of Slaying          Chrm           ###.....     6%          2    None
 Confuse                  Hex            ###.....     12%         3    None
 Regeneration             Chrm/Necr      ###.......   12%         3    None
 Spectral Weapon          Hex/Chrm       ###.....     12%         3    None
 Throw Icicle             Conj/Ice       ######..     1%          4    None
 Petrify                  Tmut/Erth      ####....     11%         4    None
 Metabolic Englaciation   Hex/Ice        ####......   24%         5    ###....
 Yara's Violent Unravell  Hex/Tmut       ###.......   26%         5    ###....
 Dispersal                Tloc           #####.....   67%         6    #####..
 Controlled Blink         Tloc           N/A          100%        8    #######
 Disjunction              Tloc           #####.....   100%        8    #######


Dungeon Overview and Level Annotations

Branches:
Dungeon (9/15)             Temple (1/1) D:5            Lair (2/6) D:9
  Swamp: Lair:2-4    Shoals: Lair:2-4     Snake: Lair:2-4    Spider: Lair:2-4
    Orc: D:9-12

Altars:
Ashenzari
Cheibriados
Dithmenos
Elyvilon
Fedhas
Gozag
Hepliaklqana
Kikubaaqudgha
Makhleb
Nemelex Xobeh
Qazlal
Ru
Sif Muna
Trog
Uskayaw
Vehumet
Wu Jian
Xom
Yredelemnul
Zin
The Shining One

Shops:
D:5 *   D:8 !

Annotations:
Lair:1 3 runed translucent doors, Coltquelos's ghost, journeyman OpAs
Lair:2 Urug


Innate Abilities, Weirdness & Mutations

You have a pair of small antennae on your head.


Message History

Casting: Mephitic Cloud (safe; 1% risk of failure)
Confirm with . or Enter, or press ? or * to list all spells.
You ignite the poison in your surroundings!
The bullfrog gives a loud, deep croak!
The yak is engulfed in blazing flames.
A spiny frog comes into view.
The yak is engulfed in blazing flames.
You kill the yak!
Vehumet accepts your kill.
You feel your power returning.
The yak is engulfed in blazing flames.
You kill the yak!
Vehumet accepts your kill.
You feel your power returning.
Casting: Ignite Poison (safe; 1% risk of failure)
Confirm with . or Enter, or press ? or * to list all spells.
A chill wind blows around you.
The yak is engulfed in blazing flames.
Urug hits you with a +1 long sword of electrocution!!
* * * LOW HITPOINT WARNING * * *
You are electrocuted!
You die...

.... .... ..o.. .Y...
...?.. ......#######
.....PP#..o.#######
Y...PF.°.○Y@......##
.....P.○○○○........#
......°○☼..Y......##
...................##
........F.........#.#
.........#.#P.....###
#.......#.###.....#
##.......# ##.....#
.....##......#


You could see Urug, a yak, a spiny frog, a bullfrog and a friendly ice beast.

Vanquished Creatures
  A hydra (D:9)
  A two-headed ogre (D:9)
  An oklob plant (Lair:2)
  A guardian serpent (D:9)
  3 spiny frogs (Lair:1)
  Grinder (D:6)
  2 hippogriffs (Lair:1)
  A human (D:7)
  3 hogs (D:7)
  9 yaks
  A basilisk (D:9)
  3 porcupines (D:9)
  3 ice beasts
  An orc warrior (D:6)
  3 sky beasts
  A necrophage (D:9)
  5 phantoms
  2 centaurs
  2 crocodiles
  Blork the orc (D:5)
  A bullfrog (D:9)
  A scorpion (D:9)
  A water moccasin skeleton (D:6)
  3 killer bees (D:9)
  4 wights (D:9)
  A howler monkey (D:9)
  3 crimson imps (D:5)
  3 hounds
  2 jellies
  3 orc priests (D:6)
  A centaur skeleton (D:4)
  3 orc wizards
  2 bullfrog skeletons
  3 iguanas
  2 worker ants
  A big kobold zombie (Ossuary)
  A hound skeleton (D:4)
  6 mummies (Ossuary)
  11 adders
  5 gnolls
  3 shadow imps
  An adder zombie (D:9)
  A worm (D:3)
  A dart slug (D:3)
  9 leopard geckos
  25 orcs
  6 giant cockroaches
  7 goblins
  12 hobgoblins
  5 quokkas
  6 ball pythons
  7 bats
  7 frilled lizards
  3 hobgoblin zombies (Ossuary)
  A jackal zombie (D:6)
  10 kobolds
  A kobold zombie (Ossuary)
  An orc zombie (Ossuary)
  5 rats
213 creatures vanquished.

Vanquished Creatures (collateral kills)
  Harold (D:7)
  A guardian serpent (D:9)
  A black bear (D:7)
  2 orc warriors (D:9)
  An ogre (D:9)
  A crocodile (D:9)
  A big kobold (D:8)
  A bullfrog (D:8)
  A wight (D:9)
  4 killer bees (D:8)
  A howler monkey (D:9)
  4 orc wizards
  An orc priest (D:9)
  Terence (D:2)
  2 mummies (Ossuary)
  A howler monkey skeleton (D:5)
  7 orcs
  5 kobolds (D:8)
  A quokka (D:9)
  A hobgoblin zombie (Ossuary)
  An orc zombie (Ossuary)
39 creatures vanquished.

Vanquished Creatures (others)
  2 bushes (D:9)
  3 fungi (D:9)
  13 plants (D:9)
18 creatures vanquished.

Grand Total: 270 creatures vanquished

Notes
Turn   | Place    | Note
-------+----------+-------------------------------------------
     0 | D:1      | Exodus22XD the Deep Elf Wizard began the quest for the Orb.
     0 | D:1      | Reached XP level 1. HP: 10/10 MP: 7/7
   283 | D:1      | Reached XP level 2. HP: 15/15 MP: 5/9
   838 | D:2      | Learned a level 2 spell: Call Imp
   841 | D:2      | Reached XP level 3. HP: 19/19 MP: 2/10
  1059 | D:2      | Learned a level 2 spell: Blink
  1427 | D:2      | Noticed Terence
  1438 | D:2      | Reached XP level 4. HP: 23/24 MP: 9/12
  1487 | D:2      | Learned a level 3 spell: Conjure Flame
  1692 | D:2      | Reached skill level 1 in Fire Magic
  1926 | D:2      | Killed Terence
  2146 | D:3      | Learned a level 3 spell: Mephitic Cloud
  2216 | D:3      | Reached XP level 5. HP: 28/28 MP: 6/13
  3054 | D:4      | Reached skill level 1 in Poison Magic
  3193 | D:4      | Reached XP level 6. HP: 32/32 MP: 8/14
  3329 | D:4      | Found a sand-covered staircase.
  3335 | Ossuary  | Entered an ossuary
  3377 | Ossuary  | Reached skill level 5 in Spellcasting
  4033 | D:5      | Entered Level 5 of the Dungeon
  4243 | D:5      | Found a stormy altar of Qazlal.
  4257 | D:5      | Reached skill level 5 in Conjurations
  4257 | D:5      | Reached XP level 7. HP: 36/36 MP: 10/17
  4387 | D:5      | Found a white marble altar of Elyvilon.
  4434 | D:5      | Found a staircase to the Ecumenical Temple.
  4443 | Temple   | Entered the Ecumenical Temple
  4473 | Temple   | Became a worshipper of Vehumet
  4568 | D:5      | Reached skill level 5 in Fire Magic
  4614 | D:5      | Learned a level 2 spell: Throw Frost
  4832 | D:5      | Found a shattered altar of Ashenzari.
  4944 | D:5      | Found Zin's Purification Station.
  4947 | D:5      | Found a glowing silver altar of Zin.
  4957 | D:5      | Noticed Blork the orc
  4967 | D:5      | Killed Blork the orc
  5347 | D:6      | Noticed Grinder
  5357 | D:6      | Paralysed by Grinder for 7 turns
  5371 | D:6      | Reached XP level 8. HP: 40/41 MP: 13/18
  5388 | D:6      | Killed Grinder
  5388 | D:6      | Reached skill level 6 in Spellcasting
  5477 | D:6      | Reached skill level 7 in Spellcasting
  5797 | D:6      | Found a hazy altar of Hepliaklqana.
  5858 | D:6      | Reached skill level 8 in Spellcasting
  6079 | D:6      | Reached * piety under Vehumet
  6079 | D:6      | Offered knowledge of Sandblast by Vehumet.
  6579 | D:7      | Learned a level 4 spell: Summon Ice Beast
  6624 | D:7      | Found a hazy altar of Hepliaklqana.
  6698 | D:7      | Reached skill level 5 in Ice Magic
  7132 | D:7      | Noticed Harold
  7338 | D:7      | Found a shadowy altar of Dithmenos.
  7371 | D:7      | Reached XP level 9. HP: 45/45 MP: 15/23
  7452 | D:7      | Reached skill level 5 in Summonings
  7640 | D:8      | Reached skill level 9 in Spellcasting
  7706 | D:8      | Offered knowledge of Throw Flame by Vehumet.
  7711 | D:8      | Reached ** piety under Vehumet
  8150 | D:7      | Killed Harold
  8150 | D:7      | Reached skill level 10 in Spellcasting
  8154 | D:7      | Learned a level 2 spell: Throw Flame
  8418 | D:8      | Found Huugi's Distillery.
  8456 | D:8      | Bought a potion of heal wounds for 75 gold pieces
  8456 | D:8      | Bought a potion of curing for 45 gold pieces
  8456 | D:8      | Bought a potion of curing for 45 gold pieces
  8456 | D:8      | Bought a potion of curing for 45 gold pieces
  8456 | D:8      | Bought a potion of curing for 45 gold pieces
  8619 | D:9      | Noticed a guardian serpent
  8641 | D:9      | Killed a guardian serpent
  8641 | D:9      | Reached skill level 11 in Spellcasting
  8740 | D:9      | Reached XP level 10. HP: 50/50 MP: 14/27
  8789 | D:9      | Found an ancient bone altar of Kikubaaqudgha.
  9035 | D:9      | Noticed a two-headed ogre
  9037 | D:9      | Offered knowledge of Stone Arrow by Vehumet.
  9068 | D:9      | Killed a two-headed ogre
  9160 | D:9      | Found a glowing golden altar of the Shining One.
  9182 | D:9      | Reached *** piety under Vehumet
  9306 | D:9      | Noticed a guardian serpent
  9314 | D:9      | Killed a guardian serpent
  9360 | D:9      | Learned a level 3 spell: Stone Arrow
  9451 | D:9      | Reached skill level 1 in Earth Magic
  9631 | D:9      | Found a staircase to the Lair.
  9654 | D:9      | Noticed a five-headed hydra
  9659 | D:9      | Killed a five-headed hydra
  9696 | D:9      | Found a sparkling altar of Nemelex Xobeh.
 10030 | D:9      | Learned a level 4 spell: Force Lance
 10118 | Lair:1   | Entered Level 1 of the Lair of Beasts
 10129 | Lair:1   | Noticed a spiny frog
 10136 | Lair:1   | Killed a spiny frog
 10162 | Lair:1   | Noticed Coltquelos's ghost (journeyman OpAs)
 10192 | Lair:1   | Noticed a spiny frog
 10199 | Lair:1   | Killed a spiny frog
 10199 | Lair:1   | Reached XP level 11. HP: 38/54 MP: 16/28
 10467 | Lair:1   | Offered knowledge of Ignite Poison by Vehumet.
 10472 | Lair:1   | Learned a level 3 spell: Ignite Poison
 10525 | Lair:1   | Found a runed translucent gate.
 10526 | Lair:1   | Found a runed translucent gate.
 10527 | Lair:1   | Found a runed translucent gate.
 10912 | Lair:1   | Gained mutation: You are agile. (Dex +2) [potion of
                  | mutation]
 10912 | Lair:1   | Lost mutation: You are agile. (Dex +2) [potion of mutation]
 10912 | Lair:1   | Gained mutation: You have a pair of small antennae on your
                  | head. [potion of mutation]
 10989 | Lair:2   | Noticed an oklob plant
 10999 | Lair:2   | Killed an oklob plant
 11032 | Lair:2   | Found an ancient bone altar of Kikubaaqudgha.
 11037 | Lair:2   | Noticed Urug
 11054 | Lair:2   | Slain by Urug

Skill      XL: |  1  2  3  4  5  6  7  8  9 10 11 |
---------------+----------------------------------+-----
Conjurations   | 2 3 4 5 7 8 |  8.8
Summonings     | 2 3 5 |  5.4
Translocations | 2 3 4 |  4.4
Fire Magic     | 2 5 6 8 |  8.0
Poison Magic   | 3 |  3.1
Spellcasting   | 5 8 11 | 11.3
Ice Magic      | 3 6 7 |  7.0
Earth Magic    | 6 |  6.1
Dodging        | |  2.4
Stealth        | |  2.4
Transmutations | |  0.1

Action                   |  1- 3 |  4- 6 |  7- 9 | 10-12 || total
-------------------------+-------+-------+-------+-------++-------
Melee: Short sword       |       |     2 |       |       ||     2
       Dagger            |       |    19 |     5 |       ||    24
 Cast: Magic Dart        |    92 |   190 |   307 |     7 ||   596
       Call Imp          |       |    22 |     7 |     1 ||    30
       Conjure Flame     |       |    14 |    21 |     3 ||    38
       Mephitic Cloud    |       |     1 |     9 |     5 ||    15
       Blink             |       |       |     6 |       ||     6
       Throw Frost       |       |       |    20 |       ||    20
       Summon Ice Beast  |       |       |    20 |     9 ||    29
       Throw Flame       |       |       |    11 |   118 ||   129
       Stone Arrow       |       |       |       |    25 ||    25
       Force Lance       |       |       |       |     3 ||     3
       Ignite Poison     |       |       |       |     2 ||     2
  Use: Scroll            |       |    11 |    13 |     2 ||    26
       Potion            |       |     1 |     6 |     1 ||     8
  Eat: Ration            |     1 |     2 |     4 |     2 ||     9
       Chunk             |       |       |       |     2 ||     2
Armor: Robe              |     3 |     4 |    26 |     6 ||    39
Dodge: Dodged            |    18 |    16 |    77 |    18 ||   129
